 Dungeon Crawl Stone Soup version 0.29-a0-322-g68df515428 (webtiles) character file.

Game seed: 163587625047515350

508 YayAnonymity the Agent of Entropy (level 6, -8/47 HPs)
             Began as a Demonspawn Abyssal Knight on Apr 8, 2022.
             Was a Priest of Lugonu.
             Mangled by Pikel
             ... wielding a +1 whip of electrocution
              (13 damage)
             ... on level 4 of the Dungeon.
             The game lasted 00:08:01 (4864 turns).

YayAnonymity the Agent of Entropy (DsAK)            Turns: 4864, Time: 00:08:02

Health: -8/47      AC: 11    Str: 15    XL:     6   Next: 98%
Magic:  10/10      EV: 10    Int: 12    God:    Lugonu [***...]
Gold:   176        SH:  0    Dex: 13    Spells: 5/5 levels left

rFire   . . .      SeeInvis .   a - +2 spear (venom)
rCold   . . .      Faith    .   (no shield)
rNeg    + . .      Spirit   .   w - +0 ring mail {Will+}
rPois   +          Reflect  .   (no helmet)
rElec   .          Harm     .   (no cloak)
rCorr   .          Rampage  .   (no gloves)
Will    +....                   (no boots)
Stlth   ++........              (no amulet)
HPRegen 0.15/turn               h - ring of flight
MPRegen 0.12/turn               s - ring of Amorality {rPois rN+ Stlth+}

@: sanguine armoured, flying
A: sanguine armour 1
a: Renounce Religion, Depart the Abyss, Bend Space, Banish


You were on level 4 of the Dungeon.
You worshipped Lugonu.
Lugonu was most pleased with you.
You visited 1 branch of the dungeon, and saw 4 of its levels.
You visited the Abyss 1 time.

You collected 176 gold pieces.

Inventory:

Hand Weapons
 a - a +2 spear of venom (weapon)
 b - a +2 hand axe of flaming
Missiles
 v - 3 boomerangs
 x - 6 poisoned darts
Armour
 w - a +0 ring mail of willpower (worn)
Jewellery
 h - a ring of flight (left hand)
 s - the ring of Amorality (right hand) {rPois rN+ Stlth+}
   (You found it on level 4 of the Dungeon)

   [ring of poison resistance]

   rPois:     It protects you from poison.
   rN:        It protects you from negative energy.
   Stlth:     It makes you more stealthy.
Scrolls
 c - a scroll of enchant weapon {unknown}
 e - a scroll of teleportation
 g - a scroll of brand weapon
 i - a scroll of fog {unknown}
 j - a scroll of immolation {unknown}
 m - a scroll of amnesia {unknown}
 p - a scroll of vulnerability {unknown}
 q - a scroll of fear {unknown}
 t - a scroll of identify
Potions
 d - a potion of attraction {unknown}
 f - a potion of heal wounds
 k - a potion of curing
 n - a potion of berserk rage
 o - a potion of might
 r - a potion of mutation {unknown}


   Skills:
 - Level 3.0 Fighting
 * Level 5.7 Polearms
 - Level 1.7 Armour
 - Level 0.8 Dodging
 + Level 6.0 Invocations


You had 5 spell levels left.
You didn't know any spells.
Your spell library contained the following spells:

 Spells                   Type           Power      Damage    Failure   Level
 Sandblast                Erth           0%         2d4       54%         1
 Passwall                 Tmut/Erth      0%         N/A       67%         2
 Stone Arrow              Conj/Erth      0%         3d7       88%         3
 Iskenderun's Battlesphe  Conj           0%         2d6       100%        5
 Iron Shot                Conj/Erth      0%         9d1       100%        6
 Spellforged Servitor     Conj/Summ      0%         N/A       100%        7


Dungeon Overview and Level Annotations

Branches:
Dungeon (4/15)
 Temple: D:4-7

Altars:
Makhleb

Shops:
D:1 =   D:2 ?

Annotations:
D:4 Pikel


Innate Abilities, Weirdness & Mutations

When seriously injured, your blood forms armour. (AC +6)


Message History

You are electrocuted!!
Your blood congeals into armour.
Reach: a) +2 spear (venom)
Press: ? - help, Dir - move target, f/p - Pikel
Aim: Pikel, wielding a +1 whip of electrocution and wearing a +0 robe (lightly wounded, very poisoned, about 41% to evade your +2 spear of venom)
You hit Pikel but do no damage.
Pikel is lightly wounded.
Pikel hits you but does no damage.
You barely miss Pikel.
Pikel is lightly wounded.
You hit Pikel.
Pikel looks as sick as possible!
Pikel is moderately wounded.
Pikel hits you but does no damage.
You closely miss Pikel.
Pikel is heavily wounded.
Pikel hits you but does no damage.
You barely miss Pikel.
Pikel is heavily wounded.
Pikel hits you with a +1 whip of electrocution.
You hit Pikel.
Pikel looks as sick as possible!
Pikel is severely wounded.
Pikel barely misses you.
You barely miss Pikel.
Pikel is severely wounded.
You hit Pikel.
Pikel looks as sick as possible!
Pikel is severely wounded.
Pikel hits you but does no damage.
You hit Pikel but do no damage.
Pikel looks as sick as possible!
Pikel is severely wounded.
Pikel hits you with a +1 whip of electrocution!
* * * LOW HITPOINT WARNING * * *
You closely miss Pikel.
Pikel is severely wounded.
Pikel hits you with a +1 whip of electrocution.
* * * LOW HITPOINT WARNING * * *
You closely miss Pikel.
Pikel is almost dead.
Pikel hits you with a +1 whip of electrocution.
* * * LOW HITPOINT WARNING * * *
You are electrocuted!
You die...

......).........>
.......#........
.......#####.##.
..............#.
.....#........#.#
..................
.....#...##...#5##
####.#...#
.###K##### .
..#...# .# #.@...#
######...# .#
#####.# .# #.).#
.# #.# .# #...# .#
#.# .# #...# #.#
.# #...# #######.#
.# #...# #.......#
<## #...#
#.####### ..#
#...# .#.#


You could see Pikel (extremely poisoned) and a lemure.

Vanquished Creatures
  A black bear (D:3)
  3 lemures (D:4)
  2 phantoms
  An orc priest (D:3)
  An iguana (D:4)
  Terence (D:3)
  4 adders
  8 gnolls
  A worm (D:2)
  A dart slug (D:1)
  4 orcs (D:3)
  3 ball pythons
  4 endoplasms
  2 giant cockroaches
  10 goblins
  5 hobgoblins
  5 kobolds
  3 quokkas
  4 bats
  5 frilled lizards
  4 rats (D:2)
72 creatures vanquished.

Notes
Turn   | Place    | Note
-------+----------+-------------------------------------------
     0 | Abyss:1  | YayAnonymity the Demonspawn Abyssal Knight began the quest
                  | for the Orb.
     0 | Abyss:1  | Reached XP level 1. HP: 18/18 MP: 2/2
    67 | Abyss:1  | Noticed a spatial maelstrom
    67 | Abyss:1  | Noticed a spatial vortex
    68 | Abyss:1  | Noticed a spatial vortex
    68 | Abyss:1  | Noticed a spatial vortex
    69 | Abyss:1  | Noticed a spatial vortex
    70 | D:1      | Escaped the Abyss
   155 | D:1      | Reached ** piety under Lugonu
   417 | D:1      | Found Tita's Jewellery Shoppe.
   515 | D:1      | Gained mutation: When seriously injured, your blood forms
                  | armour. (AC +6) [demonic ancestry]
   515 | D:1      | Reached XP level 2. HP: 24/24 MP: 4/4
   641 | D:1      | Found a faded altar of an unknown god.
   936 | D:2      | Found Laxtidgho's Magic Scroll Shop.
   983 | D:2      | Reached skill level 3 in Invocations
  1516 | D:2      | Reached XP level 3. HP: 18/29 MP: 5/5
  2632 | D:3      | Reached XP level 4. HP: 32/35 MP: 6/6
  2762 | D:3      | Noticed Terence
  2780 | D:3      | Killed Terence
  2781 | D:3      | Reached skill level 4 in Invocations
  2950 | D:3      | Reached XP level 5. HP: 32/41 MP: 8/8
  3055 | D:3      | Found a burning altar of Makhleb.
  3341 | D:4      | Noticed a lemure
  3341 | D:4      | Noticed Pikel
  3342 | D:4      | Noticed a lemure
  3344 | D:4      | Noticed a lemure
  3354 | D:3      | Reached *** piety under Lugonu
  3568 | D:4      | Killed a lemure
  3630 | D:4      | Noticed a black bear
  3648 | D:3      | Killed a black bear
  3649 | D:3      | Reached skill level 5 in Invocations
  3896 | D:4      | Identified the ring of Amorality {rPois rN+ Stlth+}
  3940 | D:4      | Noticed a phantom
  3942 | D:4      | Reached XP level 6. HP: 41/47 MP: 9/9
  3978 | D:3      | Reached skill level 5 in Polearms
  4678 | D:4      | Reached skill level 6 in Invocations
  4864 | D:4      | Mangled by Pikel

Illustrated notes

Levels and vault maps discovered:
D:1:      lightli_arrival_lavapool, layout_rooms, serial_shops,
          nicolae_diamond_shop, hellmonk_ecumenical_altar_zigzags
D:2:      layout_loops_ring, serial_shops, shop, hangedman_decor_lopped,
          chequers_serial_rivers_room_b
D:3:      layout_rooms, general_overflow_altar, uniq_terence
D:4:      layout_basic, uniq_robin, uniq_pikel

Skill      XL: |  1  2  3  4  5  6 |
---------------+-------------------+-----
Polearms       | 2 3 4 5 |  5.7
Invocations    | 3 4 5 6 |  6.0
Fighting       | |  3.0
Armour         | |  1.7
Dodging        | |  0.8

Action                   |  1- 3 |  4- 6 || total
-------------------------+-------+-------++-------
Melee: Spear             |   117 |   119 ||   236
       Dagger            |    48 |    74 ||   122
       Punch             |       |     1 ||     1
Throw: Dart              |       |     8 ||     8
Invok: Depart the Abyss  |     1 |       ||     1
Evoke: Wand              |       |     3 ||     3
  Use: Scroll            |     2 |     5 ||     7
       Potion            |       |     1 ||     1
 Stab: Sleeping          |     2 |       ||     2
Armor: Leather armour    |     5 |       ||     5
       Ring mail         |    51 |    24 ||    75
       Chain mail        |       |    57 ||    57
Dodge: Dodged            |    82 |    73 ||   155

Table legend: (Time is in decaauts)
 A = Elapsed time spent in this place.
 B = Non-inter-level travel time spent in this place.
 C = Inter-level travel time spent in this place.
 D = Time resting spent in this place.
 E = Time spent auto-exploring this place.
 F = Levels seen in this place.
 G = Mean time per level.
                   A        B        C        D        E       F      G
               +--------+--------+--------+--------+--------+-----+--------+
         Total |   4847 |   4653 |    194 |   1187 |   2584 |   5 |  969.4 |
       Dungeon |   4777 |   4583 |    194 |   1187 |   2517 |   4 | 1194.2 |
         Abyss |     70 |     70 |      0 |      0 |     67 |   1 |   70.0 |
               +--------+--------+--------+--------+--------+-----+--------+

Top non-repeatable levels by time:
     D:3: 1504 daAuts
     D:2: 1338 daAuts
     D:4: 1098 daAuts
     D:1: 835 daAuts
 Abyss:1: 70 daAuts
